 Dungeon Crawl Stone Soup version 0.22-a0-558-gc224181 (webtiles) character file.

114 MothsLongingForFire the Chopper (level 4, -4/42 HPs)
             Began as a Hill Orc Monk on June 27, 2018.
             Slain by an iguana (12 damage)
             ... on level 2 of the Dungeon.
             The game lasted 00:05:09 (3055 turns).

MothsLongingForFire the Chopper (Hill Orc Monk)     Turns: 3055, Time: 00:05:11

Health: -4/42      AC:  6    Str: 14    XL:     4   Next: 97%
Magic:  4/4        EV: 11    Int: 10    God:
Gold:   113        SH:  0    Dex: 13    Spells: 3/3 levels left

rFire    . . .     SeeInvis .   a - +0 hand axe
rCold    . . .     Gourm    .   (no shield)
rNeg     . . .     Faith    .   l - +0 ring mail
rPois    .         Spirit   .   m - +0 helmet
rElec    .         Reflect  .   (no cloak)
rCorr    .         Harm     .   (no gloves)
MR       .....                  (no boots)
Stlth    +.........             (no amulet)
HPRegen  0.14/turn              (no ring)
MPRegen  0.09/turn              (no ring)

@: no status effects
A: no striking features
a: no special abilities


You were on level 2 of the Dungeon.
You were not hungry.

You visited 1 branch of the dungeon, and saw 3 of its levels.

You collected 113 gold pieces.


   Skills:
 + Level 5.3 Fighting
 + Level 5.8 Axes
 - Level 2.4 Dodging
 - Level 1.5 Stealth


You had 3 spell levels left.
You didn't know any spells.
Your spell library was empty.

Inventory:

Hand Weapons
 a - a +0 hand axe (weapon)
Missiles
 g - 137 stones (quivered)
Armour
 b - a +1 robe
 l - a +0 ring mail (worn)
 m - a +0 helmet (worn)
Scrolls
 e - a scroll of enchant armour
 f - 3 scrolls of identify {unknown}
 h - a scroll of random uselessness {unknown}
 j - a scroll of blinking {unknown}
 o - a scroll of remove curse {unknown}
 p - a scroll of enchant weapon {unknown}
Potions
 d - a potion of curing {unknown}
 i - a potion of heal wounds {unknown}
 n - a potion of cancellation {unknown}
Comestibles
 c - 9 rations {@e1}
 k - 2 chunks of flesh

Dungeon Overview and Level Annotations

Branches:
Dungeon (3/15)

Altars:

#...########.#.....###.........#...
.....................'.........'.).
#...########.#.....###.........####
.#..# #.......# ##.......## # #.#.#
######.## ##.....## # ##..# #.#
##...## # #.### #.# ##'## # .## #l#
#.# # .# #@# #.# # .# #.#
##>######## .# #.# ##........## ##
#)# #.....###.## #.# ##...####.##
#.######.#.###.....
#.......###....#.##
########.#.#####.# ##..#####.#


You could see an iguana.


Message History

The iguana bites you!
You barely miss the iguana.
The iguana is lightly wounded.
The iguana bites you.
You barely miss the iguana.
The iguana is lightly wounded.
The iguana misses you.
You hit the iguana but do no damage.
The iguana is lightly wounded.
The iguana bites you!
* * * LOW HITPOINT WARNING * * *
You are too injured to fight recklessly!
The iguana bites you!
* * * LOW HITPOINT WARNING * * *
You climb upwards.
There is a stone staircase leading down, spattered with blood here.
Things that are here:
a club; a hobgoblin skeleton
Okay, then.
Unknown command.
Okay, then.
Unknown command.
Unknown command.
You open the door.
The iguana bites you but does no damage.
There is an open door here.
There is an open door here.
Some of the chunks of flesh in your inventory have rotted away.
The iguana bites you!
You die...

Skill      XL: |  1  2  3  4 |
---------------+-------------+-----
Fighting       | 4 5 |  5.3
Axes           | 5 |  5.8
Dodging        | |  2.4
Stealth        | |  1.5

Action                   |  1- 3 |  4- 6 || total
-------------------------+-------+-------++-------
Melee: Hand axe          |   118 |   109 ||   227
Throw: Stone             |     2 |     5 ||     7
  Use: Scroll            |     1 |       ||     1
 Stab: Sleeping          |     6 |     1 ||     7
  Eat: Chunk             |     2 |     5 ||     7
Armor: Robe              |    13 |    11 ||    24
       Ring mail         |       |    30 ||    30
Dodge: Dodged            |    71 |    89 ||   160

Vault maps used:
D:1:      onia_arrival_larder, st_stairs_6
D:3:      uniq_crazy_yiuf_cottage, uniq_robin

Notes
Turn   | Place    | Note
-------+----------+-------------------------------------------
     0 | D:1      | MothsLongingForFire the Hill Orc Monk began the quest for the Orb.
     0 | D:1      | Reached XP level 1. HP: 19/19 MP: 1/1
   251 | D:1      | Reached skill level 4 in Fighting
   251 | D:1      | Reached XP level 2. HP: 24/27 MP: 2/2
   563 | D:1      | Reached XP level 3. HP: 28/34 MP: 3/3
  1073 | D:2      | Reached skill level 5 in Axes
  1636 | D:2      | Reached XP level 4. HP: 24/41 MP: 4/4
  2428 | D:3      | Reached skill level 5 in Fighting
  2753 | D:3      | Noticed Robin
  2771 | D:3      | Killed Robin
  3055 | D:2      | Slain by an iguana

Vanquished Creatures
  Robin (D:3)
  2 adders (D:2)
  A worm (D:2)
  A dart slug (D:1)
  2 leopard geckos (D:1)
  4 orcs (D:3)
  2 ball pythons (D:2)
  4 giant cockroaches
  15 goblins
  6 hobgoblins
  4 jackals (D:1)
  2 quokkas (D:2)
  5 bats
  4 frilled lizards
  9 kobolds
  6 rats
68 creatures vanquished.

Table legend:
 A = Turns spent in this place as a percentage of turns spent in the entire game.
 B = Non-inter-level travel turns spent in this place as a percentage of non-inter-level travel turns spent in the entire game.
 C = Inter-level travel turns spent in this place as a percentage of turns spent in this place.
 D = Turns resting spent in this place as a percentage of non-inter-level travel turns spent in this place.
 E = Turns spent auto-exploring this place as a percentage of non-inter-level travel turns spent in this place.
 F = Non-inter-level travel turns spent in this place divided by the number of levels of this place that you've seen.
                   A       B       C       D       E      F
               +-------+-------+-------+-------+-------+----------------------
         Total | 100.0 | 100.0 |   3.6 |  31.7 |  47.1 | 982.0
       Dungeon | 100.0 | 100.0 |   3.6 |  31.7 |  47.1 | 982.0
               +-------+-------+-------+-------+-------+----------------------

Table legend:
 A = Spawn XP
 B = Non-spawn XP
 C = Spawn XP percentage of total XP
 D = Spawn monster count
 E = Non-spawn monster count
 F = Spawn count percentage of total count
 G = Total turns spent on level
                    A         B        C        D         E        F      G
               +---------+---------+-------+---------+---------+-------+---------
         Total |       0 |     163 |   0.0 |       0 |      68 |   0.0 |  3055
               +---------+---------+-------+---------+---------+-------+---------
           D:1 |       0 |      41 |   0.0 |       0 |      23 |   0.0 |  1054
           D:2 |       0 |      63 |   0.0 |       0 |      22 |   0.0 |  1661
           D:3 |       0 |      59 |   0.0 |       0 |      23 |   0.0 |   340
               +---------+---------+-------+---------+---------+-------+---------
